 Dungeon Crawl Stone Soup version 0.29.1-15-g9cfb28693d (webtiles) character file.

Game seed: 4489098808411386330

835 fortdeath9 the Protected (level 7, -9/50 HPs)
             Began as a Gnoll Wanderer on Apr 13, 2023.
             Was a Believer of Zin.
             Mangled by a yak (12 damage)
             ... on level 5 of the Dungeon on Apr 14, 2023.
             The game lasted 00:56:36 (3320 turns).

fortdeath9 the Protected (Gnoll Wanderer)           Turns: 3320, Time: 00:56:36

Health: -9/50      AC: 18    Str: 17    XL:     7   Next: 98%
Magic:  11/11      EV: 10    Int:  8    God:    Zin [**....]
Gold:   138        SH:  7    Dex: 17    Spells: 10/11 levels left

rFire   . . .      SeeInvis .   n - +1 flail (holy)
rCold   . . .      Faith    .   d - +2 buckler {+2 BWINAGA}
rNeg    . . .      Spirit   .   b - +4 scale mail
rPois   .          Reflect  .   (no helmet)
rElec   .          Harm     .   (no cloak)
rCorr   .          Rampage  .   (no gloves)
Will    +....                   (no boots)
Stlth   +.........              (no amulet)
HPRegen 0.16/turn               l - +4 ring of protection
MPRegen 0.12/turn               q - +6 ring of dexterity

@: mighty
A: fangs 1, strong nose, distributed training, iridescent scales 1, frail 1,
strong-willed 1
a: Renounce Religion, Recite, Vitalisation, Donate Gold


You were on level 5 of the Dungeon.
You worshipped Zin.
Zin was pleased with you.
You visited 1 branch of the dungeon, and saw 5 of its levels.
You also visited: Sewer.

You collected 153 gold pieces.
You donated 15 gold pieces to Zin.

Inventory:

Hand Weapons
 n - a +1 flail of holy wrath (weapon)
Missiles
 m - 3 poisoned darts
 r - 26 stones
Armour
 b - a +4 scale mail (worn)
 d - a +2 buckler (worn) {+2 BWINAGA}
Jewellery
 l - a +4 ring of protection (left hand)
 q - a +6 ring of dexterity (right hand)
Scrolls
 c - a scroll of silence
 g - 2 scrolls of summoning {unknown}
 h - 3 scrolls of identify {unknown}
 j - 2 scrolls of magic mapping
 p - a scroll of enchant weapon {unknown}
Potions
 a - a potion of might
 k - a potion of haste {unknown}
 o - a potion of cancellation


   Skills:
 + Level 5.5 Fighting
 + Level 2.9 Short Blades
 + Level 2.9 Long Blades
 + Level 5.5 Axes
 + Level 2.9 Maces & Flails
 + Level 2.9 Polearms
 + Level 2.9 Staves
 + Level 2.9 Ranged Weapons
 + Level 2.9 Throwing
 + Level 10.8 Armour
 + Level 2.9 Dodging
 + Level 3.8 Stealth
 + Level 2.9 Shields
 + Level 2.9 Unarmed Combat
 + Level 2.9 Spellcasting
 + Level 2.3 Conjurations
 + Level 2.3 Hexes
 + Level 2.3 Summonings
 + Level 2.3 Necromancy
 + Level 2.3 Translocations
 + Level 2.3 Transmutations
 + Level 2.3 Fire Magic
 + Level 2.3 Ice Magic
 + Level 2.3 Air Magic
 + Level 2.3 Earth Magic
 + Level 2.3 Poison Magic
 + Level 3.2 Invocations
 + Level 2.9 Evocations


You had 10 spell levels left.
You knew the following spells:

 Your Spells              Type           Power      Damage    Failure   Level
a - Foxfire               Conj/Fire      20%        2x1d5     41%         1

Your spell library contained the following spells:

 Spells                   Type           Power      Damage    Failure   Level
 Conjure Flame            Conj/Fire      5%         6-21      78%         3
 Inner Flame              Hex/Fire       5%         N/A       78%         3
 Flame Wave               Conj/Fire      5%         2d5       99%         4


Dungeon Overview and Level Annotations

Branches:
Dungeon (5/15)              Sewer (visited)
 Temple: D:4-7

Altars:
Zin


Innate Abilities, Weirdness & Mutations

You have very sharp teeth.
Your uncanny sense of smell can sniff out nearby items.
Your experience applies equally to all skills.
You are partially covered in iridescent scales. (AC +2)
You are frail. (-10% HP)
You are strong-willed. (Will+)


Message History

The gnoll bouda is heavily wounded.
The yak gores you.
The gnoll bouda barks out a call to the hunt!
You closely miss the gnoll bouda. Your bite misses the gnoll bouda.
The gnoll bouda is heavily wounded.
The yak barely misses you.
The gnoll bouda hits you with a +0 club.
* * * LOW HITPOINT WARNING * * *
You block the gnoll bouda's attack. The yak gores you but does no damage.
As you read the scroll labelled NUZXAZ DER, it crumbles to dust.
It is a scroll of enchant armour.
Your +2 scale mail glows green for a moment.
The yak gores you but does no damage. You block the gnoll bouda's attack.
You feel better. The yak gores you but does no damage.
The gnoll bouda closely misses you.
You feel very mighty all of a sudden. The yak gores you!
* * * LOW HITPOINT WARNING * * *
The gnoll bouda hits you but does no damage.
You thump the gnoll bouda!
You kill the gnoll bouda!
The yak gores you!
* * * LOW HITPOINT WARNING * * *
Non-targeted read: 2 scrolls of teleportation
Press: ? - help, Q - select action, (/) - cycle Dir - look around, f - activate
As you read the scroll of teleportation, it crumbles to dust.
You feel strangely unstable. The gnoll closely misses you.
The yak gores you but does no damage.
Okay, then.
As you read the scroll of teleportation, it crumbles to dust.
You feel strangely stable. You block the gnoll's attack.
The yak barely misses you.
You barely miss the yak.
The yak is moderately wounded.
You block the gnoll's attack. The yak closely misses you.
You block the gnoll's attack.
As you read the scroll of enchant armour, it crumbles to dust.
Your +3 scale mail glows green for a moment.
The gnoll is no longer moving quickly.
The yak gores you!
You die...

#..###g..#.#...###.#..###....
^.. #.>Y...#...#...##...##...
. ###.............# #....))##
#.....g..##.....# ##...#.##
#...#...Y.#....# ##...###.
..#.###.#.W....#####......#.
..... ...##..Yg.##.##........
..#.....#####gY##............
###... #@Y###.÷..........
####.# ##.....÷...##.....
.##. ##..'##'........# # ...#
#..#~~#........# .. ...##
#.##~÷##.....### ...
...#####.#~~~~#......##
....##....#.#.#~~~~#.#......
##...........##~~##.#......
#.........#...#~~#..#......


You could see 3 yaks and 2 gnolls.

Vanquished Creatures
  A water moccasin (D:4)
  An ogre (D:5)
  A centaur (D:5)
  A phantom (D:5)
  A kobold brigand (Sewer)
  An iguana (D:5)
  Jessica (D:3)
  A gnoll bouda (D:5)
  Natasha (twice) (D:4)
  2 gnolls (D:5)
  9 adders
  8 river rats (Sewer)
  3 worms
  2 dart slugs (D:2)
  3 orcs
  14 ball pythons
  6 endoplasms
  4 giant cockroaches
  9 goblins
  5 hobgoblins
  5 jackals (D:1)
  20 kobolds
  3 quokkas
  2 bats
  6 frilled lizards
  23 rats
134 creatures vanquished.

Vanquished Creatures (others)
  A fungus (D:2)
1 creature vanquished.

Grand Total: 135 creatures vanquished

Notes
Turn   | Place    | Note
-------+----------+-------------------------------------------
     0 | D:1      | Reached skill level 10 in Armour
     0 | D:1      | fortdeath9 the Gnoll Wanderer began the quest for the Orb.
     0 | D:1      | fortdeath9 set off with the following items: a +0 hand axe,
                  | a +2 scale mail, a scroll of silence, a potion of mutation.
     0 | D:1      | Reached XP level 1. HP: 20/20 MP: 1/1
     0 | D:1      | Gained mutation: You are strong-willed. (Will+) [potion of
                  | mutation]
     0 | D:1      | Gained mutation: You are frail. (-10% HP) [potion of
                  | mutation]
     0 | D:1      | Gained mutation: You are partially covered in iridescent
                  | scales. (AC +2) [potion of mutation]
   211 | D:1      | Reached XP level 2. HP: 21/23 MP: 2/2
   559 | D:2      | Reached XP level 3. HP: 27/27 MP: 3/3
   561 | D:2      | Learned a level 1 spell: Foxfire
   687 | D:2      | Reached skill level 1 in Invocations
   767 | D:2      | Reached skill level 1 in Short Blades
   767 | D:2      | Reached skill level 1 in Long Blades
   767 | D:2      | Reached skill level 1 in Maces & Flails
   767 | D:2      | Reached skill level 1 in Polearms
   767 | D:2      | Reached skill level 1 in Staves
   767 | D:2      | Reached skill level 1 in Ranged Weapons
   767 | D:2      | Reached skill level 1 in Throwing
   767 | D:2      | Reached skill level 1 in Dodging
   767 | D:2      | Reached skill level 1 in Shields
   767 | D:2      | Reached skill level 1 in Unarmed Combat
   767 | D:2      | Reached skill level 1 in Spellcasting
   767 | D:2      | Reached skill level 1 in Evocations
   781 | D:2      | Found a faded altar of an unknown god.
   828 | D:2      | Prayed at the altar of an unknown god.
   828 | D:2      | Became a worshipper of Zin the Law-Giver
   828 | D:2      | Reached * piety under Zin
  1008 | D:2      | Reached XP level 4. HP: 30/34 MP: 5/5
  1135 | D:3      | Reached skill level 1 in Conjurations
  1135 | D:3      | Reached skill level 1 in Hexes
  1135 | D:3      | Reached skill level 1 in Summonings
  1135 | D:3      | Reached skill level 1 in Necromancy
  1135 | D:3      | Reached skill level 1 in Translocations
  1135 | D:3      | Reached skill level 1 in Transmutations
  1135 | D:3      | Reached skill level 1 in Fire Magic
  1135 | D:3      | Reached skill level 1 in Ice Magic
  1135 | D:3      | Reached skill level 1 in Air Magic
  1135 | D:3      | Reached skill level 1 in Earth Magic
  1135 | D:3      | Reached skill level 1 in Poison Magic
  1208 | D:3      | Noticed Jessica
  1216 | D:3      | Killed Jessica
  1217 | D:3      | Reached XP level 5. HP: 38/38 MP: 4/7
  1513 | D:4      | Reached ** piety under Zin
  1531 | D:4      | Noticed a water moccasin
  1550 | D:4      | Killed a water moccasin
  1551 | D:4      | Reached XP level 6. HP: 19/45 MP: 8/8
  1861 | D:4      | Reached skill level 5 in Fighting
  1861 | D:4      | Reached skill level 5 in Axes
  1896 | D:4      | Noticed Natasha
  1916 | D:4      | Killed Natasha
  1935 | D:4      | Noticed Natasha
  1960 | D:4      | Killed Natasha
  2225 | D:5      | Entered Level 5 of the Dungeon
  2301 | D:5      | Reached XP level 7. HP: 18/50 MP: 10/10
  2439 | D:5      | Found a glowing drain.
  2443 | Sewer    | Entered a sewer
  3274 | D:5      | Noticed a yak
  3274 | D:5      | Noticed a yak
  3274 | D:5      | Noticed a yak
  3275 | D:5      | Noticed a yak
  3275 | D:5      | Noticed a yak
  3306 | D:5      | HP: 2/50 [yak (8)]
  3320 | D:5      | Mangled by a yak

Illustrated notes

Levels and vault maps discovered:
D:1:      dpeg_arrival_boxes_within_box, layout_basic
D:2:      layout_loops_ring, hellmonk_ecumenical_altar_run_dry,
          minmay_pentomino_o4, uniq_crazy_yiuf_cottage
D:3:      layout_basic, mainiacjoe_overflow_boulevard,
          ebering_ghost_reflecting_pool, nrook_campfire, uniq_jessica,
          uniq_pargi
D:4:      layout_gridville, grunt_ministairs_7, uniq_natasha
D:5:      layout_cave_pools, gup_sewer_entry_bowl

Skill      XL: |  1  2  3  4  5  6  7 |
---------------+----------------------+-----
Armour         | | 10.8
Invocations    | 1 2 3 |  3.2
Short Blades   | 1 2 |  2.9
Long Blades    | 1 2 |  2.9
Maces & Flails | 1 2 |  2.9
Polearms       | 1 2 |  2.9
Staves         | 1 2 |  2.9
Ranged Weapons | 1 2 |  2.9
Throwing       | 1 2 |  2.9
Dodging        | 1 2 |  2.9
Shields        | 1 2 |  2.9
Unarmed Combat | 1 2 |  2.9
Spellcasting   | 1 2 |  2.9
Evocations     | 1 2 |  2.9
Conjurations   | 1 2 |  2.3
Hexes          | 1 2 |  2.3
Summonings     | 1 2 |  2.3
Necromancy     | 1 2 |  2.3
Translocations | 1 2 |  2.3
Transmutations | 1 2 |  2.3
Fire Magic     | 1 2 |  2.3
Ice Magic      | 1 2 |  2.3
Air Magic      | 1 2 |  2.3
Earth Magic    | 1 2 |  2.3
Poison Magic   | 1 2 |  2.3
Stealth        | 3 |  3.8
Fighting       | 5 |  5.5
Axes           | 5 |  5.5

Action                   |  1- 3 |  4- 6 |  7- 9 || total
-------------------------+-------+-------+-------++-------
Melee: Hand axe          |   120 |    27 |       ||   147
       Bite              |     8 |    12 |    19 ||    39
       Flail             |       |   127 |   202 ||   329
Throw: Stone             |     5 |    10 |       ||    15
       Dart              |       |     3 |     5 ||     8
  Use: Scroll            |     4 |     2 |     4 ||    10
       Potion            |     5 |     5 |     4 ||    14
Armor: Scale mail        |    58 |    95 |   148 ||   301
Dodge: Dodged            |    49 |    85 |   130 ||   264
Block: Buckler           |    10 |    51 |   112 ||   173
